 Dungeon Crawl Stone Soup version 0.19.3-4-gbf9329e (webtiles) character file.

84578 Gargoyl the Severer (level 15, -13/134 HPs)
             Began as a Ghoul Abyssal Knight on Jan 26, 2017.
             Was a Priest of Lugonu.
             Shot with an arrow by a deep elf archer (16 damage)
             ... on level 1 of the Elven Halls.
             The game lasted 01:18:40 (31286 turns).

Gargoyl the Severer (Ghoul Abyssal Knight)         Turns: 31286, Time: 01:18:40

Health: -13/134    AC: 21    Str: 21    XL:     15   Next: 80%
Magic:  30/31      EV: 13    Int:  3    God:    Lugonu [***...]
Gold:   305        SH:  0    Dex: 10    Spells: 0 memorised, 14 levels left

rFire  . . .     SeeInvis .     u - +3 battleaxe (flame)
rCold  . . .     Gourm    .     t - +3 chain mail of Contentment {rC- rN+ rCorr MP+9}
rNeg   + + +     Faith    .     (shield currently unavailable)
rPois  ∞         Spirit   .     b - +2 helmet
rElec  +         Reflect  .     P - +0 cloak of the Spider Nest {rElec rPois MR+++ Int-4}
rCorr  +         Harm     +     (no gloves)
MR     +++++                    (no boots)
Stlth  ..........               i - amulet of harm
                                r - +4 ring of evasion
                                A - ring of protection from magic

@: about to teleport, rotting
A: rotting body, claws 1, carnivore 3, cold resistance 1, negative energy
resistance 3, slow regeneration 1, torment resistance, unbreathing
a: Depart the Abyss, Bend Space, Banish, Renounce Religion


You were on level 1 of the Elven Halls.
You worshipped Lugonu.
Lugonu was most pleased with you.
You were not hungry.

You visited 4 branches of the dungeon, and saw 20 of its levels.
You visited the Abyss 2 times.
You also visited: Sewer and Volcano.

You collected 2841 gold pieces.
You spent 2536 gold pieces at shops.

Inventory:

Hand Weapons
 h - a +1 battleaxe of electrocution
 m - a +0 battleaxe of flaming
 u - a +3 battleaxe of flaming (weapon)
 v - a +0 trident of pain
 H - a +1 hand axe of venom
Missiles
 d - 17 tomahawks (quivered)
Armour
 b - a +2 helmet (worn)
 t - the +3 chain mail of Contentment (worn) {rC- rN+ rCorr MP+9}
   (You bought it in a shop on level 2 of the Orcish Mines)

   It makes you vulnerable to cold.
   It protects you from negative energy.
   It affects your magic capacity (+9).
   It protects you from acid and corrosion.
 P - the +0 cloak of the Spider Nest (worn) {rElec rPois MR+++ Int-4}
   (You acquired it on level 6 of the Lair of Beasts)

   It affects your intelligence (-4).
   It insulates you from electricity.
   It protects you from poison.
   It affects your resistance to hostile enchantments.
Jewellery
 i - an amulet of harm (around neck)
 j - an uncursed ring of protection from cold
 r - a +4 ring of evasion (right claw)
 y - a +2 ring of evasion
 A - a ring of protection from magic (left claw)
Wands
 f - a wand of disintegration (5/24)
 g - a wand of lightning (0/15)
 z - a wand of iceblast (3/15)
 M - a wand of heal wounds (3/9)
Scrolls
 e - 5 scrolls of fog
 p - 5 scrolls of recharging
 q - 5 scrolls of remove curse
 B - 2 scrolls of amnesia
 F - a scroll of teleportation
 N - 2 scrolls of magic mapping
Potions
 a - 3 potions of cancellation {unknown}
 k - 2 potions of invisibility
 l - a potion of curing
 n - a potion of haste
 s - a potion of ambrosia {unknown}
 C - 4 potions of brilliance
 D - 3 potions of agility
 E - 5 potions of flight
 J - a potion of mutation {unknown}
 L - a potion of degeneration {unknown}
 S - a potion of might
 T - 2 potions of resistance
Comestibles
 c - 7 meat rations
 o - 2 slices of pizza
 w - 2 chunks of flesh
 I - 2 beef jerkies


   Skills:
 + Level 12.8 Fighting
 + Level 15.0 Axes
 + Level 1.8(10.2) Polearms
 + Level 2.7 Throwing
 * Level 13.7 Armour
 + Level 3.2 Dodging
 - Level 1.9 Stealth
 * Level 11.2 Invocations
 + Level 0.1 Evocations


You had 14 spell levels left.
You didn't know any spells.

Dungeon Overview and Level Annotations

Branches:
Dungeon (11/15)            Temple (0/1) D:6            Lair (6/6) D:11
  Swamp (0/4) Lair:4       Spider (0/4) Lair:2        Slime (0/5) Lair:6
    Orc (2/2) D:11            Elf (1/3) Orc:2

Altars:
Cheibriados
Elyvilon
Fedhas
Gozag
Kikubaaqudgha
Nemelex Xobeh
Okawaru
Ru
Sif Muna
Trog
Uskayaw
Xom
Yredelemnul
Zin
The Shining One
Beogh

Shops:
D:10 !   D:11 :   Orc:2 ?(*?}

Annotations:
D:6 Prince Ribbit
Lair:5 exclusion: oklob plant


Innate Abilities, Weirdness & Mutations

Your body is rotting away.
You thrive on raw meat.
You are immune to poison.
You have sharp fingernails.
You are carnivorous and can eat meat at any time.
Your flesh is cold resistant. (rC+)
You are immune to negative energy. (rN+++)
You regenerate slowly when monsters are visible.
You are immune to unholy pain and torment.
You can survive without breathing.


Message History

The battlesphere dissipates.
The glaive of venom hits you!
The deep elf mage hits you but does no damage.
You closely miss the deep elf mage.
The deep elf mage is severely wounded.
You slash the glaive of venom! You burn the glaive of venom.
The glaive of venom hits you!!
* * * LOW HITPOINT WARNING * * *
The deep elf mage hits you but does no damage.
Unknown command.
As you read the scroll of teleportation, it crumbles to dust.
You feel strangely unstable.
The deep elf mage hits you but does no damage.
The glaive of venom hits you!
* * * LOW HITPOINT WARNING * * *
Space bends around you!
You blink.
* * * LOW HITPOINT WARNING * * *
The deep elf mage casts a spell.
The deep elf mage blinks!
The glaive of venom closely misses you.
The deep elf archer shoots an arrow.
The arrow hits you!
You die...

###### #######
.....# #...§.#
.....# #()@..#
.....# #§)...#
.....# ##+##§#####
.....# #...eEE...+
.....# #.........#
#...## +..#####..#
#...######()#####..+
#...##...#.........#
#...'#[..'.........#


You could see a deep elf archer, an earth elemental and a glaive of venom.

Vanquished Creatures
  Kirke (Elf:1)
  The ghost of Tagedieb the Unseen, a journeyman OpEn of Uskayaw (Lair:5)
  2 dire elephants (Lair:6)
  An ogre mage (Orc:1)
  5 hydras
  5 dancing weapons
  A centaur warrior (D:11)
  3 orc high priests
  11 death yaks
  A skeletal warrior (Volcano)
  3 anaconda skeletons (Volcano)
  2 deep elf archers (Elf:1)
  12 deep elf magi
  3 hill giants
  7 orc knights
  2 ugly things (D:11)
  6 orc sorcerers
  A cyclops (D:11)
  10 elephants
  Joseph (D:10)
  5 black mambas
  7 spiny frogs
  An ice statue (D:11)
  An orange demon (Abyss:2)
  4 gargoyles (Volcano)
  An eye of devastation (Lair:6)
  4 rime drakes
  8 komodo dragons
  5 trolls
  An ancient zyme (Abyss:2)
  A polar bear (Lair:5)
  3 two-headed ogres
  16 blink frogs
  2 harpy skeletons (Volcano)
  Grinder (D:4)
  A dream sheep (Lair:6)
  An alligator skeleton (Volcano)
  6 hippogriffs
  A spriggan (D:10)
  A vampire (D:9)
  5 wyverns
  12 yaks
  6 basilisks
  5 hogs (Elf:1)
  2 wraiths
  8 wargs
  16 water moccasins
  A swamp drake (D:11)
  8 porcupines
  5 sky beasts
  3 ice beasts
  2 black bears (D:8)
  21 orc warriors
  2 phantoms
  An eye of draining (Lair:6)
  3 necrophages
  14 wolves
  5 centaurs
  15 ogres
  14 crocodiles
  3 big kobolds
  The ghost of luab the Digger, an amateur GrEE (D:3)
  8 bullfrogs
  3 scorpions
  5 killer bees (D:11)
  9 electric eels
  A troll skeleton (Volcano)
  18 wights
  2 vampire bats (D:6)
  5 howler monkeys
  3 spriggan skeletons (Volcano)
  3 jellies
  A bullfrog zombie (D:6)
  9 crimson imps
  A centaur zombie (D:7)
  3 hounds
  5 centaur skeletons
  16 orc priests
  An iron imp (D:11)
  A bullfrog skeleton (D:4)
  5 iguanas
  30 orc wizards
  7 worker ants
  A hound zombie (D:8)
  A naga skeleton (Volcano)
  A hound skeleton (D:8)
  Robin (D:3)
  3 worker ant zombies
  20 adders
  7 river rats
  5 shadow imps
  A white imp (D:11)
  3 oozes
  An adder skeleton (D:7)
  An adder zombie (D:9)
  A worm (D:3)
  4 dart slugs
  5 leopard geckos
  76 orcs
  12 bats
  5 giant cockroaches
  17 goblins
  7 hobgoblins
  17 jackals
  35 kobolds
  2 quokkas
  6 ball pythons
  5 frilled lizards
  A jackal skeleton (D:5)
  2 quokka skeletons
  30 rats
  6 fungi
  7 plants
719 creatures vanquished.

Vanquished Creatures (others)
  The ghost of Dolanko the Carver, a journeyman DsGl of Hepliaklqana (Orc:2)
  A stone giant (Orc:1)
  3 dire elephants (Lair:6)
  The ghost of Clownie the Severer, a journeyman FoGl of Makhleb (D:11)
  A hydra (Lair:5)
  An anaconda (Lair:6)
  The ghost of Queen the Bludgeoner, a journeyman GrBe of Trog (D:11)
  An orc high priest (Orc:2)
  A death yak (Lair:6)
  A deep elf knight (Elf:1)
  A skeletal warrior (Volcano)
  An unseen horror (D:11)
  An orc knight (Orc:2)
  An oklob plant (D:11)
  A cyclops (Orc:1)
  Maurice (D:10)
  3 flying skulls (Volcano)
  2 orcs (D:11)
  A fulminant prism (Lair:5)
  7 fungi
  24 plants
55 creatures vanquished.

Grand Total: 774 creatures vanquished

Notes
Turn   | Place    | Note
-------+----------+-------------------------------------------
     0 | Abyss:1  | Gargoyl the Ghoul Abyssal Knight began the quest for the Orb.
     0 | Abyss:1  | Reached XP level 1. HP: 19/19 MP: 1/1
    35 | Abyss:2  | Noticed a worldbinder
    40 | Abyss:2  | Noticed a shadow
    40 | Abyss:2  | Noticed a shadow
    40 | Abyss:2  | Noticed a shadow
    41 | D:1      | Escaped the Abyss
   160 | D:1      | Reached * piety under Lugonu
   189 | D:1      | Reached XP level 2. HP: 26/26 MP: 2/2
   351 | D:1      | Reached skill level 2 in Axes
   452 | D:1      | Reached XP level 3. HP: 33/33 MP: 3/3
   726 | D:1      | Reached skill level 1 in Dodging
   803 | D:2      | Reached ** piety under Lugonu
   805 | D:2      | Found a snail-covered altar of Cheibriados.
  1061 | D:2      | Reached XP level 4. HP: 25/40 MP: 4/4
  1276 | D:2      | Found a sparkling altar of Nemelex Xobeh.
  1621 | D:3      | Noticed luab's ghost (amateur GrEE)
  1719 | D:4      | Reached skill level 3 in Axes
  1724 | D:4      | Reached XP level 5. HP: 9/47 MP: 5/5
  1843 | D:4      | Noticed Grinder
  1848 | D:4      | Paralysed by Grinder for 2 turns
  1878 | D:4      | Killed Grinder
  1878 | D:4      | Reached XP level 6. HP: 27/55 MP: 6/6
  2094 | D:4      | Reached skill level 5 in Fighting
  2094 | D:4      | Reached skill level 4 in Axes
  2107 | D:4      | Reached skill level 1 in Stealth
  2221 | D:4      | Reached XP level 7. HP: 34/61 MP: 7/7
  2511 | D:3      | Killed luab's ghost
  2665 | D:3      | Found a white marble altar of Elyvilon.
  2709 | D:3      | Found a blossoming altar of Fedhas.
  2711 | D:3      | Found an ancient bone altar of Kikubaaqudgha.
  2714 | D:3      | Found a white marble altar of Elyvilon.
  2751 | D:3      | Found a basalt altar of Yredelemnul.
  2751 | D:3      | Found an opulent altar of Gozag.
  2764 | D:3      | Found a shimmering altar of Xom.
  2766 | D:3      | Found a radiant altar of Vehumet.
  2766 | D:3      | Found a glowing silver altar of Zin.
  2768 | D:3      | Found an opulent altar of Gozag.
  2768 | D:3      | Found a shattered altar of Ashenzari.
  2768 | D:3      | Found a bloodstained altar of Trog.
  2817 | D:3      | Found a hide-covered altar of Uskayaw.
  2910 | D:3      | Found a glowing golden altar of the Shining One.
  2962 | D:3      | Noticed Robin
  3013 | D:3      | Killed Robin
  3017 | D:3      | Reached *** piety under Lugonu
  3188 | D:3      | Found a sacrificial altar of Ru.
  3225 | D:3      | Found a deep blue altar of Sif Muna.
  3476 | D:5      | Entered Level 5 of the Dungeon
  3484 | D:5      | Reached skill level 5 in Axes
  3672 | D:5      | Reached XP level 8. HP: 57/68 MP: 8/8
  3878 | D:5      | Reached skill level 6 in Axes
  4198 | D:6      | Found an iron altar of Okawaru.
  4468 | D:6      | Reached skill level 7 in Axes
  4521 | D:6      | Reached **** piety under Lugonu
  4574 | D:6      | Found a glowing drain.
  4585 | Sewer    | Entered a sewer
  5032 | Sewer    | Reached skill level 5 in Armour
  5032 | Sewer    | Reached XP level 9. HP: 59/75 MP: 9/9
  5342 | D:6      | Reached skill level 8 in Axes
  5348 | D:6      | Found a staircase to the Ecumenical Temple.
  5453 | D:6      | Reached ***** piety under Lugonu
  5707 | D:6      | Noticed Prince Ribbit
  5982 | D:7      | Reached skill level 9 in Axes
  6682 | D:8      | Reached XP level 10. HP: 86/86 MP: 10/10
  7053 | D:8      | Reached skill level 10 in Axes
  8111 | D:10     | Entered Level 10 of the Dungeon
  8228 | D:10     | Noticed a hill giant
  8275 | D:10     | Killed a hill giant
  8288 | D:10     | Found Ezatoe's Distillery.
  8325 | D:10     | Bought a potion of haste for 120 gold pieces
  8325 | D:10     | Bought a potion of heal wounds for 60 gold pieces
  8325 | D:10     | Bought a potion of might for 48 gold pieces
  8325 | D:10     | Bought a potion of resistance for 120 gold pieces
  8489 | D:10     | Found Avaepefa's Food Emporium.
  8502 | D:10     | Reached skill level 11 in Axes
  8572 | D:10     | Noticed Joseph
  8573 | D:10     | Noticed Maurice
  8586 | D:10     | Killed Maurice
  8586 | D:10     | Reached skill level 1 in Throwing
  8618 | D:10     | Killed Joseph
  8618 | D:10     | Reached XP level 11. HP: 58/94 MP: 11/11
  8894 | D:10     | Reached ****** piety under Lugonu
  8961 | D:11     | Noticed Queen's ghost (journeyman GrBe)
  8969 | D:11     | Banished Queen's ghost
  8980 | D:11     | Noticed Clownie's ghost (journeyman FoGl)
 10662 | D:11     | Banished Clownie's ghost
 10762 | D:11     | Noticed a deep elf mage
 10784 | D:11     | Killed a deep elf mage
 10900 | D:11     | Noticed a deep elf mage
 10911 | D:11     | Killed a deep elf mage
 11071 | D:11     | Noticed a centaur warrior
 11087 | D:11     | Killed a centaur warrior
 11141 | D:11     | Found a staircase to the Orcish Mines.
 11219 | D:11     | Noticed a cyclops
 11233 | D:11     | Killed a cyclops
 11616 | D:11     | Reached skill level 12 in Axes
 11634 | D:11     | Noticed an oklob plant
 11640 | D:11     | Found a staircase to the Lair.
 11659 | D:11     | Noticed a hill giant
 11957 | D:11     | Killed a hill giant
 12033 | D:11     | Noticed a hill giant
 12050 | D:11     | Killed a hill giant
 12050 | D:11     | Reached XP level 12. HP: 54/102 MP: 14/14
 12290 | D:11     | Found Uxengil's Book Shoppe.
 13077 | Lair:1   | Entered Level 1 of the Lair of Beasts
 14398 | Lair:2   | Reached skill level 10 in Fighting
 14869 | Lair:2   | Found a hole to the Spider Nest.
 15563 | Lair:3   | Reached skill level 10 in Armour
 16055 | Lair:4   | Noticed a five-headed hydra
 16069 | Lair:4   | Reached skill level 13 in Axes
 16481 | Lair:4   | Banished a five-headed hydra
 16494 | Lair:4   | Reached skill level 5 in Invocations
 16586 | Lair:4   | Reached XP level 13. HP: 76/114 MP: 15/15
 17449 | Lair:3   | HP: 5/114 [death yak (9)]
 18049 | Lair:4   | Found a staircase to the Swamp.
 18663 | Lair:5   | Found a dark tunnel.
 18676 | Volcano  | Entered a volcano
 20195 | Lair:5   | Noticed Tagedieb's ghost (journeyman OpEn)
 20223 | Lair:5   | Killed Tagedieb's ghost
 20421 | Lair:5   | Reached XP level 14. HP: 93/124 MP: 18/18
 20970 | Lair:6   | Entered Level 6 of the Lair of Beasts
 21306 | Lair:6   | Found a staircase to the Slime Pits.
 22569 | Lair:6   | Identified a scroll of acquirement
 22570 | Lair:6   | Got a transparent cloak
 22581 | Lair:6   | Identified the +0 cloak of the Spider Nest {rElec rPois MR+++ Int-4} (You acquired it on level 6 of the Lair of Beasts)
 22883 | Lair:6   | Reached skill level 14 in Axes
 23286 | Lair:6   | HP: 6/125 [death yak (17)]
 23554 | Lair:6   | Noticed a dire elephant
 23554 | Lair:6   | Banished a dire elephant
 23895 | Lair:6   | Noticed a dire elephant
 23895 | Lair:6   | Noticed a dire elephant
 23900 | Lair:6   | HP: 5/125 [dire elephant (7)]
 23995 | Lair:6   | Noticed a dire elephant
 23996 | Lair:6   | Banished a dire elephant
 24109 | Lair:6   | Noticed a dire elephant
 24111 | Lair:6   | Banished a dire elephant
 24172 | Lair:6   | Noticed a dire elephant
 24176 | Lair:6   | Banished a dire elephant
 24400 | Lair:6   | Killed a dire elephant
 24459 | Lair:6   | Killed a dire elephant
 24812 | Orc:1    | Entered Level 1 of the Orcish Mines
 24821 | Orc:1    | Reached skill level 10 in Invocations
 25257 | Orc:1    | Reached skill level 1 in Polearms
 25257 | Orc:1    | Reached XP level 15. HP: 133/133 MP: 21/21
 25486 | Orc:1    | Found a roughly hewn altar of Beogh.
 25632 | Orc:2    | Entered Level 2 of the Orcish Mines
 25632 | Orc:2    | Found a staircase to the Elven Halls.
 25863 | Orc:2    | Noticed Dolanko's ghost (journeyman DsGl)
 25980 | Orc:2    | Found Nostreqo's Gadget Shoppe.
 26532 | Orc:2    | Found Edolaaxt's Magic Scroll Emporium.
 27871 | Orc:2    | Banished Dolanko's ghost
 28214 | Orc:2    | HP: 2/134 [orc knight/great mace (23)]
 29128 | Orc:2    | Found Hippusof's Assorted Antiques.
 29132 | Orc:2    | Bought a scroll of brand weapon for 280 gold pieces
 29132 | Orc:2    | Bought a scroll of enchant armour for 105 gold pieces
 29132 | Orc:2    | Bought a scroll of teleportation for 42 gold pieces
 29132 | Orc:2    | Bought a scroll of enchant weapon for 105 gold pieces
 29137 | Orc:2    | Found Nefedeli's Antique Weapon Boutique.
 29139 | Orc:2    | Found Xatrulla's Magic Scroll Emporium.
 29145 | Orc:2    | Bought a glowing battleaxe for 437 gold pieces
 29149 | Orc:2    | Bought a scroll of brand weapon for 340 gold pieces
 29149 | Orc:2    | Bought a scroll of brand weapon for 340 gold pieces
 29154 | Orc:2    | Bought a scroll of teleportation for 51 gold pieces
 29154 | Orc:2    | Bought a scroll of teleportation for 51 gold pieces
 29171 | Orc:2    | Bought a shimmering chain mail for 237 gold pieces
 29181 | Orc:2    | Identified the +3 chain mail of Contentment {rC- rN+ rCorr MP+9} (You bought it in a shop on level 2 of the Orcish Mines)
 29233 | Elf:1    | Entered Level 1 of the Elven Halls
 29575 | Elf:1    | Noticed Kirke
 29587 | Elf:1    | Killed Kirke
 29718 | Elf:1    | HP: 6/134 [battleaxe of freezing (22)]
 29720 | Elf:1    | HP: 2/134 [spatial distortion (4)]
 30547 | Orc:2    | Bought a small jasper amulet for 125 gold pieces
 30548 | Orc:2    | Bought a potion of curing for 75 gold pieces
 30648 | Elf:1    | Got a transparent large shield
 30651 | Elf:1    | Identified the cursed +0 large shield of Foolhardiness {rElec rC+++ rN+ Str-4} (You found it on level 1 of the Elven Halls)
 30965 | Elf:1    | Cast into level 2 of the Abyss (trident of distortion)
 31117 | Elf:1    | Escaped the Abyss
 31283 | Elf:1    | Reached skill level 15 in Axes
 31286 | Elf:1    | HP: 3/134 [spatial distortion (4)]
 31286 | Elf:1    | Shot with an arrow by a deep elf archer

Skill      XL: |  1  2  3  4  5  6  7  8  9 10 11 12 13 14 15 |
---------------+----------------------------------------------+-----
Armour         | 2 3 4 5 6 7 8 10 12 13 | 13.7
Axes           | 2 3 4 5 7 9 11 12 13 14 15 | 15.0
Fighting       | 4 5 6 7 8 9 10 11 12 | 12.8
Dodging        | 1 2 3 |  3.2
Stealth        | 1 |  1.9
Throwing       | 1 2 |  2.7
Invocations    | 4 5 7 10 11 | 11.2
Polearms       | 1 |  1.8
Evocations     | |  0.1

Action                   |  1- 3 |  4- 6 |  7- 9 | 10-12 | 13-15 || total
-------------------------+-------+-------+-------+-------+-------++-------
Melee: Hand axe          |   166 |   100 |       |  1199 |   476 ||  1941
       War axe           |       |    52 |   777 |    44 |   176 ||  1049
       Battleaxe         |       |       |       |       |   860 ||   860
       Trident           |       |       |       |       |    63 ||    63
Throw: Tomahawk          |       |       |     5 |    18 |    40 ||    63
Invok: Depart the Abyss  |     1 |       |       |       |     1 ||     2
       Banish            |       |       |       |    12 |    46 ||    58
       Bend Space        |       |       |       |       |     6 ||     6
Evoke: Wand              |       |       |     1 |       |    10 ||    11
  Use: Scroll            |     5 |     3 |    17 |     3 |    28 ||    56
       Potion            |       |     2 |       |     1 |    18 ||    21
 Stab: Invisible         |       |     2 |       |       |       ||     2
       Distracted        |       |       |       |       |     1 ||     1
  Eat: Chunk             |     8 |    17 |    41 |   137 |   259 ||   462
       Meat ration       |       |       |       |     1 |     2 ||     3
Armor: Chain mail        |   135 |    90 |    15 |       |   164 ||   404
       Plate armour      |       |       |   523 |   635 |   742 ||  1900
Dodge: Dodged            |    57 |    62 |   530 |   633 |   951 ||  2233
